 Dungeon Crawl Stone Soup version 0.27.1-34-g3ba077fa99 (webtiles) character file.

Game seed: 12961786285481079033

5369 Atelerd the Geomancer (level 10, -6/60 HPs)
             Began as an Octopode Earth Elementalist on Jan 11, 2022.
             Was a Believer of Vehumet.
             Mangled by a wight (20 damage)
             ... on level 8 of the Dungeon on Jan 13, 2022.
             The game lasted 00:24:29 (11999 turns).

Atelerd the Geomancer (OpEE)                       Turns: 11999, Time: 00:24:30

Health: -6/60      AC:  1    Str:  9    XL:     10   Next: 66%
Magic:  19/22      EV: 15    Int: 26    God:    Vehumet [**....]
Gold:   431        SH:  0    Dex: 18    Spells: 17/26 levels left

rFire    + . .     SeeInvis .   q - +4 dagger (speed)
rCold    . . .     Faith    .   (no shield)
rNeg     . . .     Spirit   .   (helmet restricted)
rPois    .         Reflect  .   (no amulet)
rElec    .         Harm     .   h - +6 ring of intelligence
rCorr    .         Rampage  .   i - ring of protection from fire
Will     .....                  z - +6 ring of dexterity
Stlth    +++++.....             (no ring)
HPRegen  0.20/turn              (no ring)
MPRegen  0.18/turn              (no ring)
                                (no ring)
                                (no ring)

@: no status effects
A: almost no armour, amphibious, 8 rings, camouflage 1, gelatinous body 1,
(nimble swimmer 1), tentacles
a: Renounce Religion


You were on level 8 of the Dungeon.
You worshipped Vehumet.
Vehumet was pleased with you.
You visited 2 branches of the dungeon, and saw 9 of its levels.
You also visited: Ossuary.

You collected 568 gold pieces.
You spent 137 gold pieces at shops.

Inventory:

Hand Weapons
 a - a +0 short sword
 c - the +7 halberd of Hiet {antimagic, rPois rN+ rCorr Stlth-}
   (You took it off an orc on level 6 of the Dungeon)

   It reduces the magical energy of the wielder, and disrupts the spells and
   magical abilities of those it strikes.
   Natural abilities and divine invocations are not affected.
   rPois:     It protects you from poison.
   rN:        It protects you from negative energy.
   rCorr:     It protects you from acid and corrosion.
   Stlth:     It makes you less stealthy.
 d - a +1 dagger of venom
 q - a +4 dagger of speed (weapon)
 D - the +5 flail "Water" {antimagic, Fly rC++ rCorr Int-2}
   (You took it off a kobold on level 7 of the Dungeon)

   It reduces the magical energy of the wielder, and disrupts the spells and
   magical abilities of those it strikes.
   Natural abilities and divine invocations are not affected.
   Int:       It affects your intelligence (-2).
   rC:        It greatly protects you from cold.
   Fly:       It grants you flight.
   rCorr:     It protects you from acid and corrosion.
Missiles
 b - 46 stones
Jewellery
 h - a +6 ring of intelligence (left tentacle)
 i - a ring of protection from fire (right tentacle)
 z - a +6 ring of dexterity (on tentacle)
Wands
 m - a wand of iceblast (17)
 w - a wand of mindburst (5)
 y - a wand of paralysis (9)
Scrolls
 e - 3 scrolls of magic mapping
 g - 6 scrolls of immolation
 j - 2 scrolls of enchant armour
 l - a scroll of torment
 p - 5 scrolls of noise
 s - a scroll of enchant weapon {unknown}
 t - a scroll of blinking
 u - 3 scrolls of teleportation {unknown}
 v - a scroll of summoning {unknown}
 A - a scroll of vulnerability {unknown}
Potions
 f - 2 potions of brilliance
 k - 2 potions of haste
 n - a potion of ambrosia {unknown}
 o - 9 potions of degeneration
 r - 3 potions of mutation
 B - a potion of heal wounds {unknown}
 E - a potion of curing


   Skills:
 - Level 2.0 Fighting
 - Level 2.0 Short Blades
 - Level 4.0 Dodging
 + Level 7.5 Stealth
 + Level 8.8 Spellcasting
 - Level 2.0 Conjurations
 - Level 2.0 Transmutations
 - Level 2.0 Air Magic
 - Level 10.0 Earth Magic
 - Level 2.0 Poison Magic


You had 17 spell levels left.
You knew the following spells:

 Your Spells              Type           Power      Damage    Failure   Level
a - Sandblast             Erth           100%       2d20      1%          1
b - Mephitic Cloud        Conj/Pois/Air  21%        N/A       7%          3
c - Shock                 Conj/Air       84%        1d8       2%          1
p - Petrify               Tmut/Erth      42%        N/A       4%          4

Your spell library contained the following spells:

 Spells                   Type           Power      Damage    Failure   Level
 Static Discharge         Conj/Air       21%        N/A       3%          2
 Passwall                 Tmut/Erth      35%        N/A       1%          2
 Stone Arrow              Conj/Erth      84%        3d12      1%          3
 Magic Dart               Conj           84%        1d7       2%          1
 Corona                   Hex            12%        N/A       5%          1
 Spider Form              Tmut/Pois      10%        N/A       7%          3
 Call Imp                 Summ           11%        N/A       8%          2
 Ensorcelled Hibernation  Hex/Ice        22%        N/A       8%          2
 Gell's Gravitas          Tloc           5%         N/A       16%         3
 Lesser Beckoning         Tloc           5%         N/A       16%         3
 Teleport Other           Tloc           11%        N/A       16%         3
 Tukima's Dance           Hex            11%        N/A       16%         3
 Dispersal                Tloc           5%         N/A       100%        6
 Shadow Creatures         Summ           N/A        N/A       100%        6


Dungeon Overview and Level Annotations

Branches:
Dungeon (8/15)             Temple (1/1) D:5         Ossuary (visited)
   Lair: D:8-11

Altars:
Ashenzari
Cheibriados
Dithmenos
Elyvilon
Fedhas
Gozag
Hepliaklqana
Kikubaaqudgha
Makhleb
Nemelex Xobeh
Okawaru
Qazlal
Ru
Sif Muna
Trog
Uskayaw
Vehumet
Wu Jian
Yredelemnul
Zin
The Shining One

Shops:
D:8 *

Annotations:
D:3 1 runed translucent door, forever1922's ghost, amateur DsFE
D:4 exclusion: 2 downstairs
D:5 exclusion: downstairs
D:8 Gastronok


Innate Abilities, Weirdness & Mutations

You cannot wear most types of armour.
You are amphibious.
You can wear up to eight rings at the same time.
Your skin changes colour to match your surroundings (Stealth+).
Your rubbery body absorbs attacks. (AC +1, EV +1)
((You are camouflaged near water. (Stealth+)))
You have tentacles for arms and can constrict up to eight enemies at once.


Message History

Aim: Gastronok, wearing the +3 hat of Pondering {ponderous, Will+ MP+10 Int+5} (severely wounded, covered in acid, chance to affect: 1%)
Okay, then.
Okay, then.
Unknown command.
Gastronok gurgles, "I'll eat you, I will!"
Casting: Petrify (dangerous; 4% risk of failure)
Confirm with . or Enter, or press ? or * to list all spells.
Aiming: Sandblast (safe; 1% risk of failure)
Press: ? - help, Shift-Dir - straight line, f - wight
Aim: a wight, wielding a +3 great sword and wearing a +0 robe (84% to hit)
Okay, then.
Casting: Sandblast (safe; 1% risk of failure)
Confirm with . or Enter, or press ? or * to list all spells.
Aiming: Sandblast (safe; 1% risk of failure)
Press: ? - help, Shift-Dir - straight line, f - wight, p - Gastronok
Aim: a wight, wielding a +3 great sword and wearing a +0 robe (84% to hit)
The blast of sand hits the wight!!
The wight is almost destroyed.
The wight hits you with a +3 great sword!
* * * LOW HITPOINT WARNING * * *
Unknown command.
Casting: Sandblast (safe; 1% risk of failure)
Confirm with . or Enter, or press ? or * to list all spells.
Aiming: Sandblast (safe; 1% risk of failure)
Press: ? - help, Shift-Dir - straight line, f/p - wight
Aim: a wight, wielding a +3 great sword and wearing a +0 robe (almost destroyed, 84% to hit)
The blast of sand hits the wight but does no damage.
The wight is almost destroyed.
The wight closely misses you.
Unknown command.
Unknown command.
Casting: Sandblast (safe; 1% risk of failure)
Confirm with . or Enter, or press ? or * to list all spells.
Aiming: Sandblast (safe; 1% risk of failure)
Press: ? - help, Shift-Dir - straight line, f/p - wight
Aim: a wight, wielding a +3 great sword and wearing a +0 robe (almost destroyed, 84% to hit)
The blast of sand misses the wight.
The blast of sand hits Gastronok!!
Gastronok is almost dead.
The wight hits you with a +3 great sword!!
You die...

.......#.#.....#.#
.##....#.###+###.#
###....#.........#
.....#.........#
#...##....∩.#+##
##+#.).....#
#...)#.....#
#...)#.....#
#....#....@#
#....#....z#
#....#.....#
####'#....w####
#...........(.#
#...........#.#
#.............#
#.............#
#.............#


You could see Gastronok (corroded) and a wight.

Vanquished Creatures
  A boulder beetle (D:7)
  An ugly thing (D:7)
  2 trolls (D:7)
  A slime creature (D:7)
  A shadow (D:7)
  3 ice beasts
  An orc warrior (D:6)
  An ogre (D:5)
  5 centaurs (D:7)
  A phantom (D:6)
  4 kobold brigands
  3 bullfrogs
  2 wyvern zombies
  5 scorpions
  A water moccasin skeleton (D:7)
  4 wights
  6 bullfrog zombies
  6 centaur zombies
  6 hounds
  3 jellies
  2 orc priests (D:5)
  2 bullfrog skeletons (D:6)
  A centaur skeleton (D:5)
  2 gnoll shamans
  4 human zombies (Ossuary)
  2 iguanas
  5 orc wizards
  3 mummies (Ossuary)
  A howler monkey zombie (D:6)
  3 gnolls (D:5)
  A howler monkey skeleton (D:7)
  7 adders
  A shadow imp (D:6)
  5 white imps
  3 adder skeletons (D:4)
  A worm (D:2)
  A dart slug (D:4)
  26 orcs
  3 bats
  14 endoplasms
  2 giant cockroaches
  6 hobgoblins
  3 jackals (D:4)
  36 kobolds
  A quokka (D:1)
  4 ball pythons
  3 frilled lizards (D:3)
  3 goblins
  A hobgoblin zombie (Ossuary)
  A kobold zombie (Ossuary)
  A rat (D:2)
205 creatures vanquished.

Vanquished Creatures (others)
  A fungus (D:2)
  23 plants (D:5)
  5 toadstools (D:2)
29 creatures vanquished.

Grand Total: 234 creatures vanquished

Notes
Turn   | Place    | Note
-------+----------+-------------------------------------------
     0 | D:1      | Atelerd the Octopode Earth Elementalist began the quest for
                  | the Orb.
     0 | D:1      | Reached XP level 1. HP: 11/11 MP: 3/3
   458 | D:1      | Reached XP level 2. HP: 15/17 MP: 3/5
  1283 | D:2      | Reached XP level 3. HP: 21/21 MP: 4/6
  1848 | D:2      | Found a faded altar of an unknown god.
  2294 | D:2      | Reached XP level 4. HP: 9/27 MP: 5/7
  2297 | D:2      | Reached skill level 4 in Earth Magic
  3118 | D:3      | Found a runed translucent door.
  3165 | D:3      | Found a burning altar of Makhleb.
  3260 | D:3      | Noticed forever1922's ghost (amateur DsFE)
  3370 | D:4      | Reached XP level 5. HP: 28/31 MP: 7/9
  3505 | D:4      | Found a sand-covered staircase.
  3510 | Ossuary  | Entered an ossuary
  3833 | Ossuary  | Reached skill level 5 in Earth Magic
  4085 | Ossuary  | Reached XP level 6. HP: 34/36 MP: 6/11
  4529 | D:4      | Learned a level 4 spell: Petrify
  4533 | D:4      | Learned a level 3 spell: Mephitic Cloud
  4667 | D:4      | Reached XP level 7. HP: 15/42 MP: 10/13
  5182 | D:5      | Entered Level 5 of the Dungeon
  5185 | D:5      | Reached skill level 1 in Fighting
  5185 | D:5      | Reached skill level 1 in Short Blades
  6252 | D:5      | Reached skill level 6 in Earth Magic
  6283 | D:5      | Reached XP level 8. HP: 44/50 MP: 6/15
  6639 | D:5      | Reached skill level 5 in Stealth
  7131 | D:5      | Reached skill level 5 in Spellcasting
  7137 | D:5      | Found a staircase to the Ecumenical Temple.
  7298 | Temple   | Entered the Ecumenical Temple
  7506 | Temple   | Became a worshipper of Vehumet
  7555 | D:6      | Found a basalt altar of Yredelemnul.
  7784 | D:6      | Reached skill level 7 in Earth Magic
  8363 | D:6      | Reached skill level 1 in Poison Magic
  8438 | D:6      | Identified the +7 halberd of Hiet {antimagic, rPois rN+
                  | rCorr Stlth-}
  8466 | D:6      | Reached skill level 1 in Conjurations
  8466 | D:6      | Reached skill level 1 in Air Magic
  8497 | D:6      | Reached * piety under Vehumet
  8497 | D:6      | Offered knowledge of Shock by Vehumet.
  8610 | D:6      | Learned a level 1 spell: Shock
  8630 | D:6      | Reached XP level 9. HP: 28/54 MP: 13/17
  9208 | D:7      | Noticed a purple ugly thing
  9222 | D:7      | Killed a purple ugly thing
  9223 | D:7      | Reached skill level 8 in Earth Magic
 10193 | D:7      | Identified the +5 dire flail "Beetleslayer" {vorpal, rN+
                  | Will+ Str+2}
 10201 | D:7      | Identified the +8 whip "Sup Ziku" {flame, rPois rN+}
 10207 | D:7      | Identified the +5 flail "Water" {antimagic, Fly rC++ rCorr
                  | Int-2}
 10207 | D:7      | Identified the +2 leather armour "Hievycac" {Will- Dex+6}
 10331 | D:7      | Reached skill level 9 in Earth Magic
 10562 | D:7      | Reached XP level 10. HP: 56/60 MP: 17/21
 10665 | D:7      | Reached ** piety under Vehumet
 10754 | D:7      | Offered knowledge of Static Discharge by Vehumet.
 10802 | D:7      | Noticed a manticore
 11124 | D:7      | Noticed a boulder beetle
 11542 | D:7      | Killed a boulder beetle
 11543 | D:7      | Reached skill level 10 in Earth Magic
 11774 | D:8      | Found a blossoming altar of Fedhas.
 11859 | D:8      | Found Tavaz's Assorted Antiques.
 11871 | D:8      | Bought a sedimented dark potion for 25 gold pieces
 11871 | D:8      | Bought a potion of curing for 84 gold pieces
 11871 | D:8      | Bought a scroll labelled PIOJEO WIVYE for 28 gold pieces
 11885 | D:8      | Found a stormy altar of Qazlal.
 11983 | D:8      | Found a glowing golden altar of the Shining One.
 11984 | D:8      | Noticed Gastronok
 11999 | D:8      | Mangled by a wight

Illustrated notes

Levels and vault maps discovered:
D:1:      kilobyte_arrival_exit_the_forest, layout_basic
D:2:      cheibrodos_fertilizer, layout_basic, shapermc_ecumenical_altar_venn
D:3:      layout_rooms, nicolae_overflow_hidden_temple, ebering_ghost_sewer_d
D:4:      layout_loops_ring, nicolae_ossuary_entry_plus,
          ebering_dispersal_statue_hall, minmay_misc_feat_roman,
          kennysheep_donut
D:5:      kennysheep_kobold_camp, layout_basic,
          minmay_temple_entry_drinking_statues
D:6:      layout_loops_cross, nicolae_yredelemnul_corpse_copse
D:7:      minmay_the_grid_octo_2x2 [minmay_the_grid_octo_horde,
          minmay_the_grid_octo_vomiting_pacman, minmay_the_grid_octo_clover_2,
          minmay_the_grid_octo_prize_star], layout_basic, minmay_misc_feat_iff
D:8:      layout_gridville, kennysheep_little_box, grunt_temple_overflow_open,
          serial_shops, shop_coins, nicolae_stop_n_shop_2, shop, uniq_gastronok
Temple:   eino_temple_rhombus

Skill      XL: |  1  2  3  4  5  6  7  8  9 10 |
---------------+-------------------------------+-----
Earth Magic    | 4 5 6 7 9 10 | 10.0
Transmutations | 2 |  2.0
Spellcasting   | 3 4 5 7 8 |  8.8
Stealth        | 3 4 5 7 |  7.5
Fighting       | 1 2 |  2.0
Short Blades   | 1 2 |  2.0
Dodging        | 3 4 |  4.0
Poison Magic   | 1 2 |  2.0
Conjurations   | 1 2 |  2.0
Air Magic      | 1 2 |  2.0

Action                   |  1- 3 |  4- 6 |  7- 9 | 10-12 || total
-------------------------+-------+-------+-------+-------++-------
Melee: Unarmed           |    10 |       |       |       ||    10
       Constrict         |    15 |    18 |    31 |     4 ||    68
       Short sword       |     5 |       |       |       ||     5
       Dagger            |    30 |    73 |   106 |    38 ||   247
       Tentacles         |     7 |    18 |    22 |    10 ||    57
 Cast: Sandblast         |    15 |    42 |   121 |    26 ||   204
       Petrify           |       |       |    13 |    21 ||    34
       Mephitic Cloud    |       |       |     5 |     8 ||    13
       Shock             |       |       |     5 |     5 ||    10
Evoke: Wand              |       |       |     8 |     7 ||    15
  Use: Scroll            |       |     6 |     1 |     1 ||     8
       Potion            |       |     1 |     8 |     1 ||    10
 Stab: Sleeping          |     6 |    12 |    12 |     3 ||    33
       Distracted        |       |     1 |     1 |       ||     2
       Petrified         |       |       |    13 |    23 ||    36
       Petrifying        |       |       |     3 |       ||     3
       Confused          |       |       |     1 |       ||     1
       Paralysed         |       |       |       |     1 ||     1
Armor: Skin              |     2 |     3 |    15 |     3 ||    23
Dodge: Dodged            |    30 |    40 |    98 |    14 ||   182
